 Dungeon Crawl Stone Soup version 0.21.0-3-g78d12a8 (webtiles) character file.

163 zacerdocio the Magician (level 5, -6/28 HPs)
             Began as a Deep Elf Wizard on Jan 11, 2018.
             Mangled by Duvessa
             ... wielding a +0 short sword
              (9 damage)
             ... on level 4 of the Dungeon.
             The game lasted 00:18:30 (1816 turns).

zacerdocio the Magician (Deep Elf Wizard)           Turns: 1816, Time: 00:18:34

Health: -6/28      AC:  5    Str:  4    XL:     5   Next: 20%
Magic:  5/24       EV: 13    Int: 24    God:
Gold:   184        SH:  0    Dex: 13    Spells: 7/16 levels left

rFire    . . .     SeeInvis .   j - +1 whip (vamp)
rCold    . . .     Gourm    .   (no shield)
rNeg     . . .     Faith    .   n - +2 robe {Archmagi}
rPois    .         Spirit   .   b - +0 hat
rElec    .         Reflect  .   (no cloak)
rCorr    .         Harm     +   y - +0 pair of gloves
MR       .....                  (no boots)
Stlth    ++........             i - amulet of harm
HPRegen  0.09/turn              q - ring of flight
MPRegen  0.19/turn              r - ring of magical power

@: no status effects
A: no striking features
a: Evoke Flight


You were on level 4 of the Dungeon.
You were not hungry.

You visited 1 branch of the dungeon, and saw 4 of its levels.

You collected 184 gold pieces.

Inventory:

Hand Weapons
 a - a +2 dagger of flaming
 j - a +1 vampiric whip (weapon)
Armour
 b - a +0 hat (worn)
 n - a +2 robe of the Archmagi (worn)
 y - a +0 pair of gloves (worn)
Jewellery
 e - an uncursed ring of poison resistance {unknown}
 i - an amulet of harm (around neck)
 q - a ring of flight (left hand)
 r - a ring of magical power (right hand)
 s - a cursed ring of poison resistance {unknown}
Wands
 x - a wand of random effects (24)
Scrolls
 g - 4 scrolls of teleportation {unknown}
 k - 2 scrolls of fear {unknown}
 p - 2 scrolls of noise {unknown}
 t - 4 scrolls of identify {unknown}
 u - 2 scrolls of remove curse {unknown}
 v - 2 scrolls of magic mapping {unknown}
 w - a scroll of enchant armour {unknown}
Potions
 f - 2 potions of berserk rage {unknown}
Books
 c - a book of Minor Magic

   Spells                             Type                      Level
   a - Magic Dart                     Conjuration                  1
   b - Blink                          Translocation                2
   c - Call Imp                       Summoning                    2
   d - Slow                           Hexes                        2
   e - Conjure Flame                  Conjuration/Fire             3
   f - Mephitic Cloud                 Conjuration/Poison/Air       3
Comestibles
 d - 2 rations
 h - 8 chunks of flesh


   Skills:
 + Level 0.1 Fighting
 + Level 3.5 Dodging
 + Level 3.9 Stealth
 + Level 6.1 Spellcasting
 + Level 2.2 Conjurations
 + Level 1.2 Summonings
   Level 1.1 Translocations


You had 7 spell levels left.
You knew the following spells:

 Your Spells              Type           Power        Failure   Level  Hunger
a - Magic Dart            Conj           ####         3%          1    None
b - Call Imp              Summ           ###.....     7%          2    None
c - Mephitic Cloud        Conj/Pois/Air  ###.....     17%         3    #......
d - Conjure Flame         Conj/Fire      ###.....     14%         3    #......


Dungeon Overview and Level Annotations

Branches:
Dungeon (4/15)
 Temple: D:4-7

Altars:
Okawaru
The Shining One

Annotations:
D:4 Dowan, Duvessa


Message History

Press: ? - help, Dir - move target cursor, f/p - Duvessa
Aim: Duvessa, wielding a short sword and wearing a leather armour (heavily wounded, fast)
You feel a surge of power!
You can't place the cloud on a creature.
Casting: Conjure Flame
Confirm with . or Enter, or press ? or * to list all spells.
Aiming: Mephitic Cloud
Press: ? - help, Shift-Dir - straight line, f/p - Duvessa
Aim: Duvessa, wielding a short sword and wearing a leather armour (heavily wounded, fast)
You feel a surge of power! That beam is likely to hit you.
Continue anyway?
Uppercase [Y]es or [N]o only, please.
That beam is likely to hit you.
Continue anyway?
The ball explodes into a vile cloud!
The stinking cloud engulfs Duvessa.
Duvessa is heavily wounded.
The stinking cloud engulfs Dowan.
Dowan is lightly wounded.
The stinking cloud engulfs you!
Duvessa is engulfed in noxious fumes.
Duvessa appears confused.
Duvessa hits you with a short sword!
You die...

##### #...# #...#
#...# ###### ###...#
#..$.# ###.....#
##....###...#...#
###....ee@..##...##
........#####.....##
..........##.......#
...#
..#####............#
#...# ....##.......#
#...#
............####..##
......#.......##....#
...$#.........##....#
#.####..........[....#


You could see Duvessa (confused) and Dowan.

Vanquished Creatures
  A howler monkey (D:3)
  Natasha (twice) (D:2)
  An ooze (D:4)
  3 leopard geckos
  An orc (D:3)
  A ball python (D:2)
  A giant cockroach (D:2)
  12 goblins
  10 hobgoblins
  5 jackals
  5 kobolds
  A quokka (D:4)
  4 bats
  5 frilled lizards
  3 rats (D:2)
55 creatures vanquished.

Vanquished Creatures (collateral kills)
  Robin (D:2)
  A goblin (D:2)
  A rat (D:2)
3 creatures vanquished.

Grand Total: 58 creatures vanquished

Notes
Turn   | Place    | Note
-------+----------+-------------------------------------------
     0 | D:1      | zacerdocio the Deep Elf Wizard began the quest for the Orb.
     0 | D:1      | Reached XP level 1. HP: 10/10 MP: 7/7
   209 | D:1      | Reached skill level 5 in Spellcasting
   209 | D:1      | Reached XP level 2. HP: 15/15 MP: 2/10
   639 | D:2      | Learned a level 2 spell: Call Imp
   744 | D:2      | Noticed Natasha
   752 | D:2      | Killed Natasha
   752 | D:2      | Reached XP level 3. HP: 12/19 MP: 12/12
   891 | D:2      | Noticed Robin
   897 | D:2      | Reached skill level 6 in Spellcasting
   907 | D:2      | Killed Robin
   907 | D:2      | Reached XP level 4. HP: 23/24 MP: 4/14
   920 | D:2      | Found a glowing golden altar of the Shining One.
  1061 | D:2      | Noticed Natasha
  1064 | D:2      | Killed Natasha
  1190 | D:3      | Found an iron altar of Okawaru.
  1381 | D:3      | Reached XP level 5. HP: 27/28 MP: 15/15
  1516 | D:3      | Learned a level 3 spell: Mephitic Cloud
  1520 | D:3      | Learned a level 3 spell: Conjure Flame
  1804 | D:4      | Noticed Dowan
  1806 | D:4      | Noticed Duvessa
  1816 | D:4      | Mangled by Duvessa

Skill      XL: |  1  2  3  4 |
---------------+-------------+-----
Spellcasting   | 5 6 |  6.1
Dodging        | 3 |  3.5
Stealth        | 3 |  3.9
Conjurations   | 2 |  2.2
Fighting       | |  0.1
Summonings     | |  1.2
Translocations | |  1.1

Action                   |  1- 3 |  4- 6 || total
-------------------------+-------+-------++-------
Melee: Whip              |    44 |     9 ||    53
 Cast: Magic Dart        |    62 |    44 ||   106
       Call Imp          |     1 |     1 ||     2
       Mephitic Cloud    |       |     2 ||     2
Evoke: Wand              |       |     1 ||     1
 Stab: Sleeping          |       |     4 ||     4
  Eat: Chunk             |     1 |     3 ||     4
       Ration            |     1 |       ||     1
Armor: Robe              |    10 |     5 ||    15
Dodge: Dodged            |    45 |    10 ||    55
